 Dungeon Crawl Stone Soup version 0.29-a0-1019-g84f7d21838 (webtiles) character file.

Game seed: 10427093838356561241

8 xian the Shooter (level 2, -3/16 HPs)
             Began as a Deep Elf Hunter on Aug 10, 2022.
             Slain by a gnoll
             ... wielding a +0 spear of venom
              (6 damage)
             ... on level 1 of the Dungeon.
             The game lasted 00:00:41 (141 turns).

xian the Shooter (Deep Elf Hunter)                   Turns: 141, Time: 00:00:41

Health: -3/16      AC:  4    Str:  8    XL:     2   Next: 0%
Magic:  4/4        EV: 12    Int: 13    God:
Gold:   17         SH:  0    Dex: 18    Spells: 1/1 levels left

rFire   . . .      SeeInvis .   a - +0 shortbow
rCold   . . .      Faith    +   (shield currently unavailable)
rNeg    . . .      Spirit   .   c - +0 leather armour
rPois   .          Reflect  .   (no helmet)
rElec   .          Harm     .   e - +0 cloak
rCorr   .          Rampage  .   (no gloves)
Will    .....                   (no boots)
Stlth   ++........              g - amulet of faith
HPRegen 0.05/turn               (no ring)
MPRegen 0.09/turn               (no ring)

@: lethally poisoned (-3 -> -23)
A: no striking features
a: no special abilities


You were on level 1 of the Dungeon.
You visited 1 branch of the dungeon, and saw 1 of its levels.

You collected 17 gold pieces.

Inventory:

Hand Weapons
 a - a +0 shortbow (weapon)
Armour
 c - a +0 leather armour (worn)
 e - a +0 cloak (worn)
Jewellery
 g - an amulet of faith (around neck)
Scrolls
 b - a scroll of immolation
 d - a scroll of summoning {unknown}
Potions
 f - 2 potions of haste {unknown}


   Skills:
 + Level 1.6 Fighting
 + Level 5.8 Ranged Weapons
 + Level 2.4 Dodging
 + Level 1.2 Stealth


You had one spell level left.
You didn't know any spells.
Your spell library was empty.

Dungeon Overview and Level Annotations

Branches:
Dungeon (1/15)

Altars:


Message History

The gnoll is wielding a +0 spear of venom.
You shoot an arrow.
The arrow hits the gnoll but does no damage.
The gnoll shouts!
The endoplasm quivers.
A hobgoblin comes into view.
You shoot an arrow. The hobgoblin shouts!
The arrow hits the gnoll!
The gnoll is heavily wounded.
The gnoll barely misses you.
The endoplasm jiggles.
You shoot an arrow. The arrow hits the gnoll.
The gnoll is almost dead.
The gnoll misses you.
You shoot an arrow. The arrow barely misses the gnoll.
The arrow hits the hobgoblin.
The hobgoblin is severely wounded.
The gnoll hits you from afar with a +0 spear of venom.
You are lethally poisoned!
You shoot an arrow. The arrow hits the endoplasm!
You kill the endoplasm!
You feel very sick. The gnoll hits you but does no damage.
You have reached level 2!
Unknown command.
Okay, then.
Okay, then.
You are too injured to fight recklessly!
Fire: a) +0 shortbow
Press: ? - help, Q - select action Shift-Dir - straight line, f - hobgoblin
Aim: a hobgoblin (severely wounded, 63% to hit)
You shoot an arrow. The arrow barely misses the hobgoblin.
The arrow barely misses the gnoll.
You feel sick. The hobgoblin barely misses you.
The gnoll hits you from afar with a +0 spear of venom.
* * * LOW HITPOINT WARNING * * *
You are more poisoned.
The gnoll hits you from afar with a +0 spear of venom.
You die...

# ##
######################.
.......)...............
####....###..........
#@##.# #..........
#g##.###..........
.g................
##.##.########.....
...... #.'..... #.###.
###..... ... . #.....
... #..... #.....


You could see a gnoll and a hobgoblin.

Vanquished Creatures
  2 ball pythons (D:1)
  An endoplasm (D:1)
  A giant cockroach (D:1)
  2 goblins (D:1)
  A kobold (D:1)
7 creatures vanquished.

Notes
Turn   | Place    | Note
-------+----------+-------------------------------------------
     0 | D:1      | xian the Deep Elf Hunter began the quest for the Orb.
     0 | D:1      | Reached XP level 1. HP: 12/12 MP: 3/3
   141 | D:1      | Reached XP level 2. HP: 7/16 MP: 4/4
   141 | D:1      | Slain by a gnoll

Illustrated notes

Levels and vault maps discovered:
D:1:      scummos_arrival_simple_crosswalls, layout_basic, nrook_mini_backslash

Action                   || total
-------------------------++-------
 Fire: Shortbow          ||    15
Armor: Leather armour    ||     2
Dodge: Dodged            ||     5

Table legend: (Time is in decaauts)
 A = Elapsed time spent in this place.
 B = Non-inter-level travel time spent in this place.
 C = Inter-level travel time spent in this place.
 D = Time resting spent in this place.
 E = Time spent auto-exploring this place.
 F = Levels seen in this place.
 G = Mean time per level.
                   A        B        C        D        E       F      G
               +--------+--------+--------+--------+--------+-----+--------+
         Total |    144 |    144 |      0 |      0 |     80 |   1 |  144.0 |
       Dungeon |    144 |    144 |      0 |      0 |     80 |   1 |  144.0 |
               +--------+--------+--------+--------+--------+-----+--------+

Top non-repeatable levels by time:
     D:1: 144 daAuts
